 Dungeon Crawl Stone Soup version 0.31-a0-1104-g3bd3108e02 (webtiles) character file.

Game seed: 5887616980287442329

53 Dirtsage the Chopper (level 3, -2/31 HPs)
             Began as a Minotaur Fighter on Dec 2, 2023.
             Slain by an orc
             ... wielding a +0 club
              (4 damage)
             ... on level 3 of the Dungeon.
             The game lasted 00:01:46 (1444 turns).

Dirtsage the Chopper (Minotaur Fighter)             Turns: 1444, Time: 00:01:47

Health: -2/31      AC:  8    Str: 22    XL:     3   Next: 62%
Magic:  2/2        EV:  9    Int:  5    God:
Gold:   132        SH:  4    Dex:  9    Spells: 2/2 levels left

rFire   . . .        a - +0 war axe
rCold   . . .        c - +0 buckler
rNeg    . . .        b - +0 scale mail
rPois   .            (helmet restricted)
rElec   .            e - scarf {repulsion}
rCorr   .            g - +0 pair of gloves
SInv    .            (no boots)
Will    .....        (no amulet) Stlth
                     (no ring)
HPRegen 0.25/turn    (no ring)
MPRegen 0.08/turn

%: repel missiles
@: no status effects
A: horns 2, retaliatory headbutt
a: no special abilities


You were on level 3 of the Dungeon.
You visited 1 branch of the dungeon, and saw 3 of its levels.

You collected 132 gold pieces.

Inventory:

Hand Weapons
 a - a +0 war axe (weapon)
Armour
 b - a +0 scale mail (worn)
 c - a +0 buckler (worn)
 e - a scarf of repulsion (worn)
 g - a +0 pair of gloves (worn)
Jewellery
 j - a +6 ring of intelligence
Scrolls
 f - 3 scrolls of identify {unknown}
 h - 2 scrolls of amnesia {unknown}
 i - a scroll of enchant weapon {unknown}
 k - a scroll of revelation {unknown}
 o - a scroll of teleportation {unknown}
Potions
 d - a potion of might
 l - a potion of lignification {unknown}
 m - a potion of curing {unknown}
 n - a potion of mutation {unknown}


   Skills:
 - Level 3.6 Fighting
 + Level 4.9 Axes
 - Level 3.6 Armour
 - Level 3.6 Shields


You had 2 spell levels left.
You didn't know any spells.
Your spell library was empty.

Dungeon Overview and Level Annotations

Branches:
Dungeon (3/15)

Altars:

Shops:
D:1 *


Innate Abilities, Weirdness & Mutations

You have a pair of horns on your head.
You reflexively headbutt those who attack you in melee.


Message History

You barely miss the orc.
The orc priest begins to cast a cantrip, but forgets the words!
You block the orc's attack. The orc hits you with a +0 club.
You take 2 damage, and have 17/31 hp.
You barely miss the orc priest. You barely miss the orc.
You hit the orc but do no damage.
The orc priest hits you but does no damage.
The orc closely misses you. The orc hits you with a +0 club.
The orc hits you but does no damage. The orc hits you with a +0 club.
* * * LOW HITPOINT WARNING * * *
The orc priest calls down the wrath of Beogh upon you.
Pain shoots through your body!
* * * LOW HITPOINT WARNING * * *
You take 10 damage, and have 7/31 hp.
MASSIVE DAMAGE!!
You hit the orc priest but do no damage.
You closely miss the orc. You barely miss the orc.
The orc hits you but does no damage. x2
The orc priest hits you with a +0 club.
* * * LOW HITPOINT WARNING * * *
You take 1 damage, and have 6/31 hp.
You completely miss the orc priest. You barely miss the orc. You hit the orc.
You kill the orc!
The orc priest hits you but does no damage.
The orc hits you with a +0 club.
* * * LOW HITPOINT WARNING * * *
You take 1 damage, and have 5/31 hp.
You hit the orc priest but do no damage.
You headbutt the orc priest.
The orc priest is lightly wounded.
You barely miss the orc.
The orc priest miscasts a cantrip.
The orc hits you but does no damage.
You hit the orc priest but do no damage.
You headbutt the orc priest, but do no damage.
The orc priest is lightly wounded.
You hit the orc. You block the orc priest's attack.
The orc hits you with a +0 club.
* * * LOW HITPOINT WARNING * * *
The orc hits you with a +0 club.
You die...

##########
#..$[.....
#.........
#$........
#.........
+.o).[....
#†@o......
#..)......
#.########
#. #. #.
#. #.


You could see an orc priest and an orc.

Vanquished Creatures
  A gnoll (D:1)
  A worm (D:2)
  2 dart slugs
  3 orcs (D:3)
  2 ball pythons (D:1)
  5 bats (D:1)
  2 endoplasms
  5 giant cockroaches
  A goblin (D:2)
  2 hobgoblins
  A kobold (D:2)
  A quokka (D:1)
  2 rats
28 creatures vanquished.

Notes
Turn   | Place    | Note
-------+----------+-------------------------------------------
     0 | D:1      | Dirtsage the Minotaur Fighter began the quest for the Orb.
     0 | D:1      | Reached XP level 1. HP: 19/19 MP: 0/0
    29 | D:1      | Found Matyuhox's General Store.
   168 | D:1      | Reached skill level 3 in Axes
   202 | D:1      | Reached XP level 2. HP: 18/26 MP: 1/1
   322 | D:1      | Reached skill level 4 in Axes
   415 | D:1      | Found a faded altar of an unknown god.
   421 | D:1      | Reached XP level 3. HP: 31/31 MP: 2/2
  1444 | D:3      | Slain by an orc

Illustrated notes

Levels and vault maps discovered:
D:1:      amcnicky_arrival_choice, layout_rooms,
          shapermc_ecumenical_altar_mp_highgroup, serial_shops,
          nicolae_shop_trees
D:2:      layout_basic
D:3:      layout_basic, serial_shops, nicolae_shop_just_a_little_nook, uniq_ijyb

Skill      XL: |  1  2 |
---------------+-------+-----
Axes           | 3 4 |  4.9
Fighting       | |  3.6
Armour         | |  3.6
Shields        | |  3.6

Action                     || total
---------------------------++-------
  Melee: War axe           ||    65
         Headbutt          ||    10
 Armour: Scale mail        ||    52
  Dodge: Dodged            ||    33
  Block: Buckler           ||    17

Table legend: (Time is in decaauts)
 A = Elapsed time spent in this place.
 B = Non-inter-level travel time spent in this place.
 C = Inter-level travel time spent in this place.
 D = Time resting spent in this place.
 E = Time spent auto-exploring this place.
 F = Levels seen in this place.
 G = Mean time per level.
                   A        B        C        D        E       F      G
               +--------+--------+--------+--------+--------+-----+--------+
         Total |   1465 |   1418 |     47 |      0 |   1228 |   3 |  488.3 |
       Dungeon |   1465 |   1418 |     47 |      0 |   1228 |   3 |  488.3 |
               +--------+--------+--------+--------+--------+-----+--------+

Top non-repeatable levels by time:
     D:2: 816 daAuts
     D:1: 634 daAuts
     D:3: 14 daAuts
